 Dungeon Crawl Stone Soup version 0.29-a0-982-gaed3a0c8d8 (webtiles) character file.

Game seed: 602882125409925835

46597 MisterAzrael the Bludgeoner (level 14, -6/132 HPs)
             Began as a Hill Orc Fighter on Aug 1, 2022.
             Was a Priest of the Shining One.
             Mangled by an unseen horror (10 damage)
             ... on level 12 of the Dungeon.
             The game lasted 00:32:33 (17294 turns).

MisterAzrael the Bludgeoner (Hill Orc Fighter)     Turns: 17294, Time: 00:32:33

Health: -6/132     AC:  0    Str: 28    XL:     14   Next: 38%
Magic:  21/21      EV: 13    Int:  7    God:    the Shining One [***...]
Gold:   1398       SH:  0    Dex:  9    Spells: 13/13 levels left

rFire   . . .      SeeInvis .   (weapon currently unavailable)
rCold   . . .      Faith    .   (shield currently unavailable)
rNeg    + . .      Spirit   .   (body armour currently unavailable)
rPois   .          Reflect  .   (helmet currently unavailable)
rElec   .          Harm     .   (cloak currently unavailable)
rCorr   .          Rampage  .   (gloves currently unavailable)
Will    +....                   (boots currently unavailable)
Stlth   +.........              o - amulet of regeneration
HPRegen 1.12/turn               (ring currently unavailable)
MPRegen 0.17/turn               (ring currently unavailable)

@: pig-form (expiring), glowing, very quick
A: fast, no casting, small, strong 1, (sturdy frame 1)
a: Renounce Religion, Divine Shield, Cleansing Flame


You were on level 12 of the Dungeon.
You worshipped the Shining One.
The Shining One was most pleased with you.
You were a filthy swine.
You visited 3 branches of the dungeon, and saw 18 of its levels.
You also visited: Sewer.

You collected 1398 gold pieces.

Inventory:

Hand Weapons
 s - a +2 spectral club
 I - a +2 morningstar of protection (melded)
 P - a +1 flail of holy wrath
 V - a +0 trident of holy wrath
Armour
 p - a +0 troll leather armour
 v - a +3 buckler (melded)
 y - a scarf of repulsion (melded)
 C - +2 gold dragon scales (melded)
 F - a +0 helmet (melded)
 L - a +0 pair of boots (melded)
Jewellery
 f - a ring of see invisible
 g - a ring of flight
 h - a ring of protection from cold
 k - a +4 ring of protection (melded)
 o - an amulet of regeneration (around neck)
 r - a ring of poison resistance (melded)
 B - a ring of protection from fire
 G - a +6 ring of dexterity
 M - a ring of willpower
 Q - an amulet of guardian spirit
 S - the ring of Vanebaru {Fly Dex+4}
   (You found it on level 3 of the Lair of Beasts)

   [ring of flight]

   Dex:       It affects your dexterity (+4).
   Fly:       It grants you flight.
 Z - a ring of positive energy
Wands
 d - a wand of iceblast (3)
 x - a wand of polymorph (11)
 K - a wand of digging (10)
 N - a wand of mindburst (3)
 R - a wand of paralysis (7)
 T - a wand of flame (14) (quivered)
Scrolls
 e - 7 scrolls of fear
 l - 5 scrolls of amnesia
 n - 3 scrolls of torment
 q - 4 scrolls of immolation
 t - 5 scrolls of identify
 u - a scroll of butterflies
 w - a scroll of silence
 A - 2 scrolls of blinking
 D - a scroll of noise {unknown}
 H - 12 scrolls of teleportation
 J - 2 scrolls of magic mapping
Potions
 a - a potion of magic {unknown}
 b - a potion of heal wounds
 i - 3 potions of resistance
 j - 6 potions of brilliance
 m - a potion of haste
 z - 5 potions of flight
 E - 4 potions of cancellation
 O - a potion of berserk rage
 U - 2 potions of lignification {unknown}
 X - 4 potions of curing
Miscellaneous
 c - a piece from Xom's chessboard (14/15)


   Skills:
 + Level 14.0 Fighting
 - Level 8.5(14.3) Axes
 * Level 15.3(15.9) Maces & Flails
 * Level 7.9 Armour
 - Level 12.0 Shields
 - Level 9.5 Invocations
 + Level 6.9 Evocations


You had 13 spell levels left.
You didn't know any spells.
Your spell library contained the following spells:

 Spells                   Type           Power      Damage    Failure   Level
 Magic Dart               Conj           0%         1d3       43%         1
 Call Imp                 Summ           0%         N/A       56%         2
 Poisonous Vapours        Pois/Air       0%         N/A       56%         2
 Scorch                   Fire           0%         2d5       56%         2
 Confusing Touch          Hex            0%         N/A       80%         3
 Ignite Poison            Fire/Tmut/Pois 0%         N/A       80%         3
 Mephitic Cloud           Conj/Pois/Air  0%         N/A       80%         3
 Portal Projectile        Hex/Tloc       0%         N/A       80%         3
 Stone Arrow              Conj/Erth      0%         3d7       80%         3
 Tukima's Dance           Hex            0%         N/A       80%         3
 Animate Armour           Summ/Erth      0%         N/A       99%         4
 Corpse Rot               Necr/Pois/Air  0%         N/A       99%         4
 Flame Wave               Conj/Fire      0%         2d4       99%         4
 Blade Hands              Tmut           0%         N/A       100%        5
 Freezing Cloud           Conj/Ice/Air   0%         6-21      100%        5
 Yara's Violent Unravell  Hex/Tmut       0%         3d3       100%        5
 Summon Cactus Giant      Summ           0%         N/A       100%        6
 Enfeeble                 Hex            0%         N/A       100%        7
 Lehudib's Crystal Spear  Conj/Erth      0%         10d2      100%        8


Dungeon Overview and Level Annotations

Branches:
Dungeon (12/15)            Temple (1/1) D:4            Lair (5/5) D:8
 Shoals (0/4) Lair:2        Snake (0/4) Lair:3        Slime (0/5) Lair:4
    Orc (0/2) D:10          Sewer (visited)

Altars:
Ashenzari
Cheibriados
Dithmenos
Elyvilon
Fedhas
Gozag
Hepliaklqana
Kikubaaqudgha
Makhleb
Nemelex Xobeh
Okawaru
Qazlal
Ru
Sif Muna
Trog
Uskayaw
Vehumet
Wu Jian
Xom
Yredelemnul
Zin
The Shining One
Jiyva

Shops:
D:1 =   D:5 =   D:7 *

Annotations:
D:12 Jorgrun, Kirke, Urug
Lair:4 1 runed translucent door


Innate Abilities, Weirdness & Mutations

You are a filthy swine.
You move quickly.
Your equipment is almost entirely melded.
You are incapable of wielding weapons or throwing items.
You cannot cast spells.
Your muscles are strong. (Str +4, Int/Dex -1)
((Your movements are slightly less encumbered by armour. (ER -2)))


Message History

The unseen horror barely misses you. The unseen horror barely misses you.
The unseen horror attacks as you move away!
The unseen horror hits you!
Found 10 gold pieces.
The unseen horror misses you. The unseen horror hits you.
The unseen horror attacks as you move away!
The unseen horror closely misses you. The unseen horror hits you!
The unseen horror attacks as you move away!
The unseen horror closely misses you.
Urug the Orcish Ballista comes into view.
She is wielding a +1 demon trident of venom.
Urug shouts!
The unseen horror hits you.
Found a leather armour.
The centaur shoots an arrow.
The arrow barely misses you. The unseen horror hits you!
* * * LOW HITPOINT WARNING * * *
The unseen horror attacks as you move away!
The unseen horror barely misses you.
The centaur shoots an arrow.
The arrow hits you!
* * * LOW HITPOINT WARNING * * *
The arrow burns you.
* * * LOW HITPOINT WARNING * * *
The unseen horror hits you.
* * * LOW HITPOINT WARNING * * *
The centaur shoots an arrow.
The arrow misses you.
The centaur shoots an arrow.
The arrow barely misses you.
The unseen horror completely misses you.
The centaur shoots an arrow.
The arrow hits you!
* * * LOW HITPOINT WARNING * * *
You feel much better.
Your transformation is almost over.
The unseen horror misses you.
The centaur shoots an arrow.
The arrow hits you!
* * * LOW HITPOINT WARNING * * *
The centaur shoots an arrow.
The arrow hits you!
* * * LOW HITPOINT WARNING * * *
The arrow burns you.
* * * LOW HITPOINT WARNING * * *
The centaur shoots an arrow.
The arrow hits you.
* * * LOW HITPOINT WARNING * * *
The unseen horror hits you!
You die...

#$
!...................# #
>....................#
..............c....##..
...$......cc.cc.....#
.# ...........####.#
#........### ...
#..........####....
#.#..........o.# ....
......xh....##....$..
..................
.............###..
.................. .
#.............####.
#).........##.[
..........# #.#
##......$..## .#
#...........#


You could see Urug, an unseen horror (invisible) and 5 centaurs.

Vanquished Creatures
  Erica (D:11)
  4 hydras
  A boulder beetle (D:12)
  6 death yaks (D:8)
  Pikel (D:8)
  A wolf spider (Lair:5)
  A manticore (D:9)
  A cyclops (D:11)
  6 elephants (Lair:5)
  11 black mambas
  A guardian serpent (Lair:5)
  A torpor snail (Lair:4)
  17 cane toads
  2 rime drakes
  9 komodo dragons
  2 kobold demonologists
  3 trolls
  A polar bear (Lair:5)
  15 blink frogs (Lair:5)
  2 hornets (Lair:5)
  9 dream sheep (Lair:4)
  A shadow (D:11)
  2 vampires
  7 wyverns
  35 yaks
  Grum (D:8)
  2 wraiths
  Eustachio (D:6)
  2 basilisks
  A hog (D:12)
  2 steam dragons
  3 redbacks (Lair:5)
  3 nagas (Lair:3)
  27 water moccasins
  2 ice beasts
  2 orc warriors (D:8)
  2 sky beasts
  A black bear (D:6)
  2 ogres
  11 wolves
  A lemure (D:8)
  4 centaurs
  3 kobold brigands
  8 bullfrogs
  2 gnoll sergeants
  A necrophage (D:4)
  4 scorpions
  53 killer bees
  A howler monkey (D:5)
  3 jellies
  A gnoll bouda (D:4)
  5 hounds
  9 orc priests
  Ijyb (D:3)
  Jessica (D:3)
  4 iguanas
  9 orc wizards
  17 gnolls
  8 river rats (Sewer)
  8 adders
  A shadow imp (D:7)
  A white imp (D:5)
  2 ufetubi
  27 orcs
  11 endoplasms
  6 giant cockroaches
  10 goblins
  3 hobgoblins
  8 jackals
  16 kobolds
  6 quokkas
  14 ball pythons
  7 bats
  5 frilled lizards
  25 rats
  2 butterflies
489 creatures vanquished.

Vanquished Creatures (others)
  37 fungi
  72 plants
109 creatures vanquished.

Grand Total: 598 creatures vanquished

Notes
Turn   | Place    | Note
-------+----------+-------------------------------------------
     0 | D:1      | MisterAzrael the Hill Orc Fighter began the quest for the
                  | Orb.
     0 | D:1      | Reached XP level 1. HP: 19/19 MP: 1/1
    94 | D:1      | Reached XP level 2. HP: 24/27 MP: 2/2
   400 | D:1      | Found a faded altar of an unknown god.
   404 | D:1      | Reached XP level 3. HP: 33/33 MP: 3/3
   444 | D:1      | Found Cetomp's Jewellery Shoppe.
  1576 | D:2      | Reached XP level 4. HP: 35/40 MP: 4/4
  1704 | D:3      | Noticed Jessica
  1709 | D:3      | Killed Jessica
  1710 | D:3      | Reached skill level 5 in Axes
  1779 | D:3      | Noticed Ijyb
  1784 | D:3      | Paralysed by Ijyb for 2 turns
  1797 | D:3      | Killed Ijyb
  1802 | D:3      | Reached XP level 5. HP: 47/47 MP: 5/5
  1872 | D:3      | Found a sacrificial altar of Ru.
  1948 | D:3      | Found a glowing drain.
  1996 | Sewer    | Entered a sewer
  2045 | Sewer    | Noticed a kobold brigand
  2055 | Sewer    | Killed a kobold brigand
  2094 | Sewer    | Reached skill level 5 in Fighting
  2094 | Sewer    | Reached XP level 6. HP: 56/56 MP: 6/6
  2307 | Sewer    | Reached skill level 5 in Shields
  3006 | D:3      | Found a white marble altar of Elyvilon.
  3595 | D:4      | Reached XP level 7. HP: 55/62 MP: 7/7
  3698 | D:4      | Found a staircase to the Ecumenical Temple.
  3720 | Temple   | Entered the Ecumenical Temple
  3776 | D:4      | Found a blossoming altar of Fedhas.
  4247 | D:5      | Entered Level 5 of the Dungeon
  4466 | D:5      | Reached XP level 8. HP: 71/71 MP: 8/8
  4502 | D:5      | Found Assokuj's Jewellery Shop.
  5185 | D:5      | Found a glowing golden altar of the Shining One.
  5188 | D:5      | Became a worshipper of the Shining One
  5453 | D:6      | Reached skill level 1 in Invocations
  5532 | D:6      | Identified the +10 sling of Drought {vorpal, Int+2}
  5575 | D:6      | Noticed Eustachio
  5591 | D:6      | Killed Eustachio
  5592 | D:6      | Reached skill level 1 in Maces & Flails
  5623 | D:6      | Reached skill level 2 in Maces & Flails
  5627 | D:6      | Found an ancient bone altar of Kikubaaqudgha.
  5844 | D:6      | Found an opulent altar of Gozag.
  5872 | D:6      | Found a glowing silver altar of Zin.
  5932 | D:6      | Reached skill level 3 in Maces & Flails
  5932 | D:6      | Reached XP level 9. HP: 19/81 MP: 9/11
  6080 | D:6      | Found a shimmering blue altar of Sif Muna.
  6234 | D:6      | Found a radiant altar of Vehumet.
  6408 | D:7      | Reached skill level 4 in Maces & Flails
  6483 | D:7      | HP: 4/81 [killer bee (1)]
  6496 | D:7      | HP: 4/82 [killer bee (4)]
  6658 | D:7      | Reached * piety under the Shining One
  6863 | D:7      | Reached skill level 5 in Maces & Flails
  6929 | D:7      | Found Tiaz's Fire Supplies.
  7390 | D:8      | Found a hide-covered altar of Uskayaw.
  7504 | D:8      | Found a bloodstained altar of Trog.
  7526 | D:8      | Reached skill level 5 in Invocations
  7584 | D:8      | Noticed Pikel
  7598 | D:8      | Killed Pikel
  7599 | D:8      | Reached skill level 6 in Maces & Flails
  7599 | D:8      | Reached XP level 10. HP: 82/91 MP: 12/14
  7630 | D:8      | Noticed Grum
  7651 | D:8      | Gained mutation: You are partially covered in large bone
                  | plates. (SH +4) [potion of mutation]
  7651 | D:8      | Gained mutation: You have sharp toenails. [potion of
                  | mutation]
  7662 | D:8      | Killed Grum
  7670 | D:8      | Reached skill level 7 in Maces & Flails
  7752 | D:8      | Found a staircase to the Lair.
  7752 | D:8      | Noticed a death yak
  7753 | D:8      | Noticed a death yak
  7753 | D:8      | Noticed a death yak
  7754 | D:8      | Noticed a death yak
  7755 | D:8      | Noticed a death yak
  7755 | D:8      | Noticed a death yak
  7772 | D:8      | Killed a death yak
  7780 | D:8      | Noticed a death yak
  7855 | D:8      | Killed a death yak
  7856 | D:8      | Reached skill level 8 in Maces & Flails
  7866 | D:8      | Killed a death yak
  7867 | D:8      | Reached skill level 10 in Fighting
  7875 | D:8      | Killed a death yak
  7885 | D:8      | Killed a death yak
  7886 | D:8      | Reached skill level 9 in Maces & Flails
  7886 | D:8      | Reached XP level 11. HP: 54/101 MP: 16/16
  7894 | D:8      | Killed a death yak
  8084 | D:8      | Found an iron altar of Okawaru.
  8611 | Lair:1   | Entered Level 1 of the Lair of Beasts
  8743 | Lair:1   | Noticed a six-headed hydra
  8750 | Lair:1   | Killed a six-headed hydra
  8758 | Lair:1   | Reached skill level 10 in Maces & Flails
  8759 | Lair:1   | Reached skill level 10 in Shields
  9550 | Lair:2   | Noticed a seven-headed hydra
  9559 | Lair:2   | Killed a seven-headed hydra
  9728 | Lair:2   | Found a staircase to the Shoals.
  9813 | Lair:2   | Reached skill level 11 in Maces & Flails
  9962 | Lair:2   | Reached XP level 12. HP: 90/110 MP: 19/19
 10080 | Lair:2   | Reached skill level 1 in Evocations
 11087 | Lair:3   | Found a gate leading to a gauntlet.
 11187 | Lair:3   | Reached skill level 12 in Maces & Flails
 11328 | Lair:3   | Found a staircase to the Snake Pit.
 11508 | Lair:3   | Identified the ring of Vanebaru {Fly Dex+4}
 12139 | Lair:4   | Noticed a five-headed hydra
 12145 | Lair:4   | Killed a five-headed hydra
 12155 | Lair:4   | Reached ** piety under the Shining One
 12454 | Lair:4   | Reached skill level 13 in Maces & Flails
 12488 | Lair:4   | Reached XP level 13. HP: 80/119 MP: 20/20
 12612 | Lair:4   | Found a runed translucent door.
 12613 | Lair:4   | Found a viscous altar of Jiyva.
 12616 | Lair:4   | Found a staircase to the Slime Pits.
 13043 | Lair:5   | Entered Level 5 of the Lair of Beasts
 13237 | Lair:5   | Reached skill level 5 in Evocations
 13405 | Lair:5   | Reached skill level 14 in Maces & Flails
 13498 | Lair:5   | Reached skill level 5 in Armour
 13553 | Lair:5   | Lost mutation: You have sharp toenails. [potion of
                  | mutation]
 13553 | Lair:5   | Lost mutation: You are partially covered in large bone
                  | plates. (SH +4) [potion of mutation]
 13553 | Lair:5   | Gained mutation: Your movements are slightly less
                  | encumbered by armour. (ER -2) [potion of mutation]
 13553 | Lair:5   | Gained mutation: Your muscles are strong. (Str +4, Int/Dex
                  | -1) [potion of mutation]
 13570 | Lair:5   | Reached *** piety under the Shining One
 14064 | Lair:5   | Reached XP level 14. HP: 39/129 MP: 21/21
 15259 | D:9      | Reached skill level 15 in Maces & Flails
 15381 | D:9      | Found an ornate altar of the Wu Jian Council.
 15636 | D:9      | Found a stormy altar of Qazlal.
 15752 | D:10     | Entered Level 10 of the Dungeon
 16015 | D:10     | Found a staircase to the Orcish Mines.
 16021 | D:10     | Found a shimmering altar of Xom.
 16219 | D:10     | Identified the +8 whip of the Fabulous God {drain, rF-
                  | Int+2 Stlth+}
 16569 | D:11     | Noticed Erica
 16585 | D:11     | Killed Erica
 17036 | D:12     | Noticed Jorgrun
 17253 | D:12     | Noticed Kirke
 17258 | D:12     | Noticed a sphinx
 17290 | D:12     | Noticed Urug
 17294 | D:12     | HP: 4/132 [centaur/arrow (5)]
 17294 | D:12     | Mangled by an unseen horror

Illustrated notes

Levels and vault maps discovered:
D:1:      wander_arrival_fairy_ring, layout_basic,
          shapermc_ecumenical_altar_ellora, serial_shops, shop,
          minmay_close_crescents
D:2:      layout_loops_ring
D:3:      minmay_razor_zed, layout_loops_corners,
          mainiacjoe_overflow_tiny_flanked, elyvilon_altar_1,
          portal_sewer_entry_f, minmay_misc_feat_diagonals,
          minmay_misc_feat_rugged, uniq_ijyb, uniq_jessica
D:4:      layout_basic, marbit_many_paths, minmay_temple_entry_butterflies
D:5:      layout_basic, tso_oasis_becter, serial_shops, shop, chequers_big_river
D:6:      layout_loops_ring, pdpol_temple_overflow_zin_treasury_gozag_greed,
          mainiacjoe_overflow_swirl, lemuel_blue_sif_altar, uniq_eustachio
D:7:      layout_basic, nicolae_shop_fire_sale [nicolae_sub_dead_trees]
D:8:      layout_loops_ring, trog_butcher_becter, mainiacjoe_overflow_alcove_2,
          nicolae_uskayaw_suspiria, dpeg_lair_monsters, uniq_grum, uniq_pikel
D:9:      layout_loops_corners, grunt_qazlal_clouds, lemuel_crystal_altar,
          lightli_corner_chamber
D:10:     layout_basic, xom_butterflies, orc_0_dummy
D:11:     layout_cave_pools, kennysheep_small_circle, uniq_erica
D:12:     layout_rooms, serial_bayou_crossing, uniq_kirke, uniq_urug,
          uniq_jorgrun
Temple:   hellmonk_temple_two_chambers
Lair:1:   layout_regular_city, nicolae_quartered_pool_little, grunt_megastairs_3
Lair:2:   layout_hall_layers, elwin_shoals_entry_rocks, lemuel_fruit_tree,
          serial_bayou_shore_a
Lair:3:   wad_woods_minihive, layout_gridlike,
          minmay_snake_entry_guardpost_small, gauntlet_entry_generic
Lair:4:   layout_cave_pods, slime_entry_2, serial_bayou_shore_b
Lair:5:   hangedman_lair_tendril_chambers, layout_gridlike, serial_bayou_shore_b

Skill      XL: |  1  2  3  4  5  6  7  8  9 10 11 12 13 14 |
---------------+-------------------------------------------+-----
Axes           | 3 4 5 6 7 8 |  8.5
Fighting       | 4 5 6 8 9 10 11 12 13 14 | 14.0
Shields        | 4 5 6 7 8 9 10 11 12 | 12.0
Invocations    | 3 5 7 9 |  9.5
Maces & Flails | 3 6 9 11 13 14 15 | 15.3
Evocations     | 4 6 |  6.9
Armour         | 6 7 |  7.9

Action                   |  1- 3 |  4- 6 |  7- 9 | 10-12 | 13-15 || total
-------------------------+-------+-------+-------+-------+-------++-------
Melee: War axe           |   121 |   219 |   165 |       |       ||   505
       Morningstar       |       |       |   191 |   563 |   640 ||  1394
       Kick              |       |       |       |    64 |       ||    64
       Flail             |       |       |       |       |    27 ||    27
       Unarmed           |       |       |       |       |     2 ||     2
Invok: Divine Shield     |       |       |       |     5 |     2 ||     7
       Cleansing Flame   |       |       |       |       |     1 ||     1
Evoke: Wand              |       |       |       |     9 |       ||     9
       Piece from Xom's  |       |       |       |       |     1 ||     1
  Use: Potion            |       |       |    12 |     8 |     6 ||    26
       Scroll            |       |       |    18 |     3 |     2 ||    23
Armor: Scale mail        |    17 |       |       |       |       ||    17
       Plate armour      |    71 |   168 |   361 |    50 |       ||   650
       Gold dragon scale |       |       |       |   514 |   520 ||  1034
Dodge: Dodged            |    35 |    49 |   121 |   112 |   188 ||   505
       Repelled          |       |       |     2 |     1 |     1 ||     4
Block: Buckler           |    25 |    45 |   196 |   626 |   452 ||  1344

Table legend: (Time is in decaauts)
 A = Elapsed time spent in this place.
 B = Non-inter-level travel time spent in this place.
 C = Inter-level travel time spent in this place.
 D = Time resting spent in this place.
 E = Time spent auto-exploring this place.
 F = Levels seen in this place.
 G = Mean time per level.
                   A        B        C        D        E       F      G
               +--------+--------+--------+--------+--------+-----+--------+
         Total |  17327 |  16470 |    857 |   1178 |  11316 |  19 |  911.9 |
       Dungeon |  10676 |  10078 |    598 |    538 |   7429 |  12 |  889.7 |
        Temple |     23 |     23 |      0 |      0 |     11 |   1 |   23.0 |
          Lair |   6049 |   5790 |    259 |    640 |   3539 |   5 | 1209.8 |
         Sewer |    577 |    577 |      0 |      0 |    336 |   1 |  577.0 |
               +--------+--------+--------+--------+--------+-----+--------+

Top non-repeatable levels by time:
  Lair:2: 1460 daAuts
  Lair:5: 1370 daAuts
  Lair:4: 1309 daAuts
     D:5: 1180 daAuts
     D:3: 1119 daAuts
     D:8: 1089 daAuts
  Lair:3: 1011 daAuts
     D:6: 1006 daAuts
     D:7: 1001 daAuts
     D:4: 979 daAuts
     D:9: 959 daAuts
     D:2: 945 daAuts
  Lair:1: 897 daAuts
     D:1: 897 daAuts
    D:10: 765 daAuts
